Map: Dusty Gorge

Players

zarcasukus - Winner!

  • Race: Protoss Protoss
  • Spawn Location: 3:00

POMA - Winner!

  • Race: Terran Terran
  • Spawn Location: 5:00

Nigrnog

  • Race: Zerg Zerg
  • League: Gold
  • Spawn Location: 11:00

MooEsqoo

  • Race: Protoss Protoss
  • Spawn Location: 9:00

VOD

Have the link to the VOD?

Description

Time

  • Played on: Feb. 14, 2020, 8:28 a.m.
  • Length: 14:29
Show
View Real Time Build Order
Export as new Build Order

zarcasukus Protoss - Winner!

Build Orders: Carriers 

Get SALT Encoding   

  12  0:01  Probe  
  13  0:13  Probe  
  14  0:25  Probe  
  14  0:26  Pylon  
  15  0:44  Probe  
  16  0:51  Gateway  
  16  0:56  Probe (Chrono Boost)  
  17  1:07  Probe (Chrono Boost)  
  17  1:10  Pylon  
  18  1:11  Probe (Chrono Boost)  
  19  1:22  Probe (Chrono Boost)  
  20  1:34  Probe (Chrono Boost)  
  21  1:41  Probe (Chrono Boost)  
  21  1:44  Cybernetics Core  
  22  1:48  Probe  
  22  1:50  Pylon  
  22  1:54  Assimilator  
  23  2:09  Probe  
  23  2:14  Nexus  
  24  2:22  Probe  
  25  2:34  Probe  
  25  2:46  Probe (Chrono Boost)  
  25  2:50  Assimilator  
  26  2:58  Probe (Chrono Boost)  
  27  3:07  Probe (Chrono Boost)  
  28  3:27  Stargate, Nexus  
  28  3:58  Probe x2  
  30  4:04  Stalker  
  32  4:10  Probe  
  32  4:11  Probe  
  34  4:20  Assimilator  
  34  4:22  Probe  
  34  4:23  Probe  
  34  4:24  Assimilator  
  36  4:34  Stalker  
  36  4:35  Probe x2  
  40  4:41  Fleet Beacon  
  40  4:47  Probe x2  
  42  5:04  Stalker  
  44  5:10  Stargate  
  44  5:12  Stargate  
  44  5:20  Probe (Chrono Boost)  
  47  5:30  Probe x3 (Chrono Boost)  
  48  5:35  Probe (Chrono Boost)  
  48  5:36  Probe x2 (Chrono Boost)  
  48  5:42  Carrier  
  57  5:47  Probe  
  57  5:48  Probe x2  
  60  5:57  Carrier  
  60  5:59  Probe (Chrono Boost)  
  60  6:01  Probe (Chrono Boost)  
  69  6:14  Assimilator, Probe (Chrono Boost)  
  69  6:17  Assimilator  
  69  6:31  Pylon  
  69  6:32  Pylon  
  69  6:33  Pylon  
  69  6:36  Pylon x2  
  69  6:38  Pylon  
  69  6:49  Probe x2, Carrier (Chrono Boost)  
  69  6:50  Probe  
  78  7:01  Probe x2  
  80  7:15  Carrier (Chrono Boost)  
  88  7:17  Mothership (Chrono Boost)  
  94  7:23  Pylon  
  94  7:24  Pylon  
  94  7:25  Pylon  
  94  7:26  Pylon  
  94  7:27  Pylon  
  94  7:28  Pylon  
  94  7:29  Pylon  
  94  7:35  Probe (Chrono Boost)  
  96  7:41  Probe (Chrono Boost)  
  96  7:44  Protoss Air Weapons Level 1  
  96  7:46  Probe (Chrono Boost)  
  96  7:49  Probe (Chrono Boost)  
  96  7:50  Probe (Chrono Boost)  
  99  8:00  Probe  
  100  8:10  Carrier x3  
  112  8:40  Probe x2  
  114  8:52  Probe x2  
  116  8:58  Nexus  
  116  9:15  Carrier (Chrono Boost)  
  122  9:18  Carrier x2 (Chrono Boost)  
  134  9:52  Protoss Air Armor Level 1  
  134  10:12  Carrier (Chrono Boost)  
  134  10:15  Carrier (Chrono Boost)  
  134  10:19  Carrier (Chrono Boost)  
  152  10:25  Probe (Chrono Boost)  
  152  10:28  Probe x3 (Chrono Boost)  
  157  10:37  Probe (Chrono Boost)  
  157  10:38  Probe x3 (Chrono Boost)  
  157  10:41  Probe (Chrono Boost)  
  157  10:42  Probe x3 (Chrono Boost)  
  164  10:51  Probe x4  
  168  11:03  Probe x3  
  168  11:04  Probe  
  172  11:13  Carrier (Chrono Boost)  
  178  11:20  Pylon  
  178  11:21  Pylon  
  178  11:24  Pylon  
  178  11:25  Pylon  
Show
View Real Time Build Order
Export as new Build Order

POMA Terran - Winner!

Build Orders:  

Get SALT Encoding   

  12  0:01  SCV  
  13  0:13  SCV  
  14  0:18  Supply Depot  
  14  0:25  SCV  
  15  0:30  Refinery  
  15  0:41  Barracks  
  15  0:46  SCV  
  16  0:58  SCV, Refinery  
  17  1:10  SCV  
  18  1:22  SCV  
  19  1:29  Barracks Tech Lab  
  19  1:33  Supply Depot  
  19  1:35  Ghost Academy  
  19  1:39  SCV  
  20  1:51  SCV  
  21  2:03  SCV, Marine  
  21  2:06  Personal Cloaking  
  23  2:16  Supply Depot  
  25  2:37  Factory  
  25  2:54  Unknown  
  27  3:03  Barracks  
  27  3:07  Orbital Command  
  27  3:23  Unknown, Marine  
  28  3:30  Supply Depot  
  28  3:38  Nuke  
  28  3:45  SCV  
  31  3:50  Barracks Tech Lab  
  31  4:09  Marine  
  31  4:10  Unknown  
  32  4:27  Marine  
  35  5:20  Nuke  
  35  5:22  Command Center  
  35  5:25  Command Center  
  35  5:30  Barracks  
  35  5:34  Unknown  
  35  5:37  Unknown  
  35  5:40  Ghost Academy  
  35  5:41  Marine  
  38  5:55  SCV  
  39  6:07  SCV  
  39  6:08  Unknown  
  44  6:19  SCV, Marine  
  46  6:32  SCV  
  47  6:37  Marine  
  47  6:38  Unknown x2, Marine  
  47  6:39  Refinery  
  49  6:44  SCV  
  48  7:09  Barracks Tech Lab  
  48  7:19  Nuke  
  48  7:21  SCV  
  53  7:29  Refinery  
  53  7:30  Orbital Command  
  53  7:32  SCV  
  53  7:33  SCV  
  58  7:44  SCV, Engineering Bay  
  58  7:45  SCV, Unknown x2  
  59  7:52  Engineering Bay  
  59  7:56  SCV x2  
  59  7:57  SCV  
  62  8:01  Nuke  
  62  8:05  Unknown  
  62  8:06  Ghost Academy  
  62  8:08  SCV x2  
  62  8:09  SCV  
  62  8:10  Marine x2  
  69  8:15  Refinery  
  69  8:16  Refinery  
  69  8:20  SCV x2  
  69  8:22  Armory  
  69  8:23  SCV  
  72  8:32  SCV  
  72  8:33  Supply Depot, Stimpack  
  73  8:36  Marine x2  
  73  8:38  Unknown  
  73  8:39  Terran Infantry Weapons Level 1  
  75  8:48  Missile Turret  
  75  8:56  SCV  
  75  8:58  Orbital Command  
  80  9:35  Barracks  
  80  9:37  Barracks  
  80  9:39  Barracks  
  80  9:43  Combat Shield  
  80  9:44  Enhanced Shockwaves  
  80  9:47  Nuke  
  80  9:56  Marine  
  80  9:57  Unknown x3, Marine x2  
  83  10:03  Terran Infantry Armor Level 1  
  83  10:14  Marine x2  
  85  10:24  Supply Depot  
  85  10:25  Supply Depot, Barracks  
  85  10:26  Supply Depot  
  85  10:28  Supply Depot  
  85  10:45  Marine x6  
  91  11:03  Marine x6  
  89  11:21  Marine x6  
  79  11:33  Terran Infantry Weapons Level 2  
  79  11:38  Marine x3  
  85  11:41  Starport  
  85  11:42  Starport  
  85  11:43  Barracks Tech Lab  
  85  11:44  Barracks Tech Lab x3  
  82  11:53  Barracks  
  82  11:56  Marine x3  
  82  12:01  Terran Infantry Armor Level 2  
  85  12:03  Marine x4  
  89  12:15  Marauder x3  
  95  12:19  Medivac x2  
  95  12:21  Marine  
  95  12:22  Marauder x3  
  106  12:27  Barracks  
  106  12:35  Marine x2  
  106  12:36  Marauder  
  110  12:39  Marauder  
  110  12:42  Marine  
  110  12:43  Marauder, Marine  
  116  12:53  Marine  
  116  12:56  Supply Depot  
  117  12:59  Supply Depot  
  117  13:05  Supply Depot  
  117  13:17  Marine  
  117  13:18  Medivac, Marauder x2  
  124  13:20  Medivac, Marauder x3  
  124  13:23  Supply Depot  
  134  13:27  Marauder  
  134  13:36  Marauder  
  142  13:50  Medivac  
  142  13:54  Medivac  
  146  14:08  Unknown  
  146  14:10  Unknown  
  146  14:16  Unknown  
Show
View Real Time Build Order
Export as new Build Order

Nigrnog Zerg 

Build Orders: Hatch First 

Get SALT Encoding   

  12  0:01  Drone  
  13  0:12  Drone  
  14  0:19  Overlord  
  14  0:45  Hatchery  
  14  0:49  Drone  
  14  0:53  Drone  
  15  1:04  Drone x2  
  18  1:11  Drone  
  19  1:28  Hatchery  
  18  1:39  Drone x2  
  20  1:45  Hatchery  
  19  2:01  Spawning Pool  
  19  2:10  Drone x3  
  22  2:16  Extractor  
  21  2:24  Drone  
  22  2:44  Overlord x2  
  22  2:48  Queen  
  22  2:50  Queen  
  22  2:51  Drone x2  
  28  3:04  Zergling x4  
  28  3:05  Hatchery, Zergling x2  
  30  3:12  Roach Warren  
  29  3:15  Drone  
  30  3:20  Metabolic Boost  
  30  3:22  Zergling x2  
  31  3:34  Drone x2  
  33  3:44  Baneling Nest  
  33  3:46  Drone x3  
  33  3:47  Extractor  
  34  3:49  Zergling x2  
  35  3:57  Queen  
  35  4:00  Roach  
  39  4:08  Drone x3  
  42  4:15  Roach  
  44  4:18  Zergling x2  
  44  4:19  Zergling x2  
  44  4:23  Overlord  
  46  4:32  Queen  
  47  4:53  Spore Crawler  
  46  5:15  Drone x6  
  52  5:25  Spine Crawler  
  52  5:26  Spore Crawler  
  52  5:28  Spore Crawler  
  49  5:31  Extractor  
  49  5:32  Drone  
  49  5:33  Drone x5  
  54  5:38  Baneling x5  
  54  5:42  Baneling x2  
  54  5:49  Lair  
  54  5:56  Drone x2  
  54  5:57  Drone x2  
  58  6:03  Overlord  
  58  6:07  Extractor  
  57  6:14  Baneling  
  57  6:15  Baneling x6  
  57  6:19  Drone  
  57  6:20  Queen  
  57  6:21  Overlord  
  57  6:23  Drone  
  57  6:25  Drone  
  62  6:39  Roach x3  
  72  6:40  Roach x2  
  47  7:18  Spore Crawler  
  47  7:21  Spore Crawler  
  45  7:26  Drone x9  
  45  7:27  Drone x2  
  56  7:40  Drone x2  
  58  7:53  Drone x4  
  62  7:59  Drone x2  
  59  8:20  Spore Crawler  
  59  8:22  Drone x2  
  59  8:24  Drone  
  61  8:35  Hatchery  
  60  8:43  Drone x8  
  60  8:44  Drone  
  69  9:01  Drone x3  
  72  9:03  Extractor  
  72  9:05  Drone x2, Extractor  
  72  9:06  Drone  
  72  9:07  Overlord x2  
  73  9:12  Overlord  
  73  9:20  Spire  
  72  9:27  Spore Crawler  
  72  9:28  Spine Crawler  
  70  9:32  Drone x4  
  70  9:33  Drone  
  75  9:44  Roach x4  
  83  9:49  Pneumatized Carapace  
  83  9:55  Drone x3  
  86  10:00  Drone x2  
  86  10:02  Drone  
  86  10:03  Drone  
  86  10:06  Overseer x2  
  90  10:08  Overseer  
  90  10:12  Glial Reconstitution  
  90  10:17  Centrifical Hooks  
  90  10:24  Drone x3  
  90  10:28  Queen  
  72  11:30  Drone x2  
  72  11:31  Drone  
  75  11:36  Corruptor x6  
  75  11:39  Overlord x5  
  87  11:40  Overlord x3  
  87  11:53  Drone  
  88  12:02  Overseer x3  
  88  12:06  Roach x6  
  88  12:07  Roach x4  
  108  12:17  Evolution Chamber, Corruptor x5  
  108  12:19  Evolution Chamber  
  116  12:23  Drone  
  116  12:28  Corruptor  
  121  12:30  Corruptor  
  121  12:33  Corruptor  
  125  12:41  Mutalisk x2  
  131  12:47  Spore Crawler x2  
  131  12:48  Spore Crawler  
  131  12:50  Spore Crawler  
  127  12:51  Spore Crawler  
  127  12:53  Spore Crawler  
  127  12:54  Corruptor  
  123  13:06  Corruptor  
  123  13:07  Corruptor x3  
  131  13:15  Ravager x4  
  131  13:16  Ravager x5  
  131  13:17  Ravager x3  
  143  13:21  Zergling x6  
  146  13:33  Overlord x4  
  146  13:42  Baneling x5  
  146  13:43  Baneling  
  146  13:46  Overlord x3  
  136  14:06  Zergling x2  
  136  14:07  Zergling x16  
Show
View Real Time Build Order
Export as new Build Order

MooEsqoo Protoss 

Build Orders: 1 Gate Expand, Oracle Opening 

Get SALT Encoding   

  12  0:01  Probe  
  13  0:18  Pylon  
  13  0:27  Probe  
  14  0:38  Gateway  
  14  0:42  Assimilator  
  14  0:48  Probe (Chrono Boost)  
  15  1:00  Probe (Chrono Boost)  
  16  1:07  Probe (Chrono Boost)  
  17  1:14  Probe  
  18  1:26  Probe  
  19  1:44  Probe, Nexus  
  20  2:01  Cybernetics Core  
  20  2:08  Pylon  
  20  2:10  Probe  
  20  2:11  Assimilator  
  21  2:22  Probe  
  22  2:27  Pylon  
  22  2:34  Probe  
  23  2:46  Probe  
  23  2:47  Shield Battery  
  23  2:50  Shield Battery  
  24  2:58  Probe x2  
  26  3:02  Warp Gate  
  26  3:12  Stargate  
  26  3:20  Stalker (Chrono Boost)  
  28  3:27  Probe x2  
  30  3:46  Gateway  
  30  3:53  Stalker (Chrono Boost), Oracle (Chrono Boost)  
  35  4:09  Probe x2  
  37  4:13  Assimilator  
  37  4:21  Probe x2  
  39  4:24  Robotics Facility  
  21  4:59  Probe x2  
  23  5:11  Probe x2  
  25  5:19  Pylon  
  25  5:23  Probe x2  
  25  5:27  Nexus  
  28  5:35  Probe x2  
  29  5:47  Probe  
  29  5:48  Probe  
  31  5:54  Pylon  
  31  5:59  Probe  
  31  6:00  Probe  
  31  6:04  Observer (Chrono Boost)  
  34  6:08  Stalker  
  35  6:16  Observer (Chrono Boost)  
  35  6:18  Probe x2  
  38  6:25  Assimilator  
  38  6:30  Probe x2  
  40  6:36  Observer  
  41  6:41  Probe  
  41  6:42  Probe x2  
  41  6:43  Pylon  
  42  6:53  Probe  
  42  7:25  Probe x3  
  45  7:37  Probe x2  
  43  7:50  Stalker x2  
  46  8:10  Probe  
  46  8:11  Probe x2  
  49  8:18  Oracle  
  52  8:20  Immortal  
  52  8:23  Probe x3  
  59  8:32  Observer  
  59  8:35  Probe x3  
  59  8:40  Forge  
  62  8:41  Twilight Council  
  62  8:59  Warp Prism  
  64  9:05  Stalker x2  
  68  9:58  Protoss Ground Weapons Level 1 (Chrono Boost)  
  68  10:05  Charge  
  68  10:13  Templar Archives, Sentry  
  68  10:14  Sentry  
  72  10:20  Probe x3  
  75  10:32  Probe x2  
  77  10:40  Pylon  
  77  10:42  Pylon  
  77  10:51  Pylon  
  77  10:58  Probe x3  
  77  11:00  Pylon x2  
  77  11:02  Assimilator  
  77  11:03  Pylon  
  79  11:05  Pylon  
  79  11:06  Pylon, Assimilator  
  79  11:08  Pylon  
  79  11:10  Pylon  
  79  11:11  Probe x3  
  78  11:35  Observer (Chrono Boost)  
  79  11:50  Shield Battery  
  79  11:51  Shield Battery  
  79  11:53  Shield Battery, Probe x3  
  82  11:56  Shield Battery  
  82  11:58  High Templar x2  
  82  11:59  Pylon  
  86  12:03  Archon  
  86  12:05  Probe x3  
  89  12:17  Probe x3  
  92  12:23  Observer  
  93  12:31  High Templar x2  
  97  12:41  Gateway  
  97  12:43  Gateway  
  97  12:45  Pylon  
  97  12:46  Pylon, Gateway  
  97  12:50  Pylon  
  97  12:57  Archon  
  97  13:10  High Templar x2  
  101  13:23  Phoenix (Chrono Boost)  
  73  13:39  Phoenix (Chrono Boost)  
  54  14:04  Phoenix  
Tags
 
Add a new tag
Caveats
  • Supply blocks, unpowered buildings, or Contaminate may cause inaccurate times.
  • Supply counts are checked every 10 seconds.